 Dungeon Crawl Stone Soup version 0.23-a0-329-g6f3f904 (webtiles) character file.

41762 namelastname112 the Fencer (level 13, -10/122 HPs)
             Began as a Green Draconian Wanderer on Oct 16, 2018.
             Was an Initiate of Gozag.
             Shot with a bolt by a yaktaur (41 damage)
             ... on level 15 of the Dungeon.
             The game lasted 00:28:02 (16703 turns).

namelastname112 the Fencer (DrWn)                  Turns: 16703, Time: 00:28:02

Health: -10/122    AC: 17    Str: 19    XL:     13   Next: 81%
Magic:  13/13      EV: 21    Int: 14    God:    Gozag
Gold:   1631       SH:  2    Dex: 16    Spells: 12/12 levels left

rFire    . . .     SeeInvis .   s - +0 double sword (flame)
rCold    . . .     Gourm    .   (no shield)
rNeg     . . .     Faith    .   (armour unavailable)
rPois    +         Spirit   .   z - +2 hat {Int+3}
rElec    .         Reflect  +   H - +0 cloak
rCorr    .         Harm     .   E - +1 pair of gloves {Str+3}
MR       .....                  (no boots)
Stlth    ++........             m - +2 amulet of reflection
HPRegen  0.30/turn              G - +2 ring of slaying
MPRegen  0.13/turn              B - +4 ring of protection

@: short of breath, gold aura
A: breathe noxious fumes, unfitting armour, poison resistance, cold-blooded, AC
+8
a: Breathe Noxious Fumes, Potion Petition, Call Merchant, Bribe Branch, Renounce
Religion


You were on level 15 of the Dungeon.
You worshipped Gozag.
Gozag was most pleased with you.
You were hungry.

You visited 2 branches of the dungeon, and saw 16 of its levels.

You collected 3570 gold pieces.
You spent 210 gold pieces at shops.
You paid 1729 gold pieces to Gozag.

Inventory:

Hand Weapons
 s - a +0 double sword of flaming (weapon)
 C - a +3 scimitar
Missiles
 a - 4 throwing nets (quivered)
Armour
 z - a +2 hat of intelligence (worn)
 E - a +1 pair of gloves of strength (worn)
 H - a +0 cloak (worn)
 L - a +0 shield of protection
Jewellery
 j - an uncursed ring of protection from cold
 m - a +2 amulet of reflection (around neck)
 t - a +6 ring of intelligence
 y - an uncursed ring of resist corrosion
 B - a +4 ring of protection (right hand)
 G - a +2 ring of slaying (left hand)
Wands
 e - a wand of digging (14)
 o - a wand of polymorph (5)
 q - a wand of random effects (60)
 I - a wand of acid (6)
 N - a wand of flame (40)
Scrolls
 b - 6 scrolls of teleportation
 g - 6 scrolls of identify
 h - 8 scrolls of enchant armour
 k - 4 scrolls of amnesia
 l - 5 scrolls of remove curse
 v - 2 scrolls of enchant weapon
 x - 4 scrolls of blinking
 D - 2 scrolls of magic mapping
 F - a scroll of brand weapon
 M - a scroll of fear {unknown}
Potions
 c - 3 potions of agility
 d - 3 potions of curing
 i - a potion of might
 n - 4 potions of lignification
 r - a potion of cancellation
 u - 2 potions of mutation
 w - a potion of resistance
 A - a potion of haste
 K - 2 potions of flight {unknown}
Miscellaneous
 p - a lightning rod (4/4)
Comestibles
 f - 23 rations


   Skills:
 + Level 13.5 Fighting
 + Level 15.6 Long Blades
   Level 0.0(0.4) Maces & Flails
   Level 1.0 Staves
 - Level 1.0 Throwing
 + Level 11.7 Dodging
 - Level 1.7 Stealth
 * Level 3.3 Shields


You had 12 spell levels left.
You didn't know any spells.
Your spell library contained the following spells:

 Spells                   Type           Power        Failure   Level  Hunger
 Animate Skeleton         Necr           N/A          28%         1    ##.....
 Corona                   Hex            #......      28%         1    ##.....
 Freeze                   Ice            #...         28%         1    ##.....
 Pain                     Necr           #...         28%         1    ##.....
 Ensorcelled Hibernation  Hex/Ice        #.....       41%         2    ###....
 Throw Frost              Conj/Ice       #.....       41%         2    ###....
 Confuse                  Hex            #.......     65%         3    ####...
 Dazzling Spray           Conj/Hex       #.....       65%         3    ####...
 Ozocubu's Armour         Chrm/Ice       #.......     65%         3    ####...
 Regeneration             Chrm/Necr      #.........   65%         3    ####...
 Tukima's Dance           Hex            #.......     65%         3    ####...
 Vampiric Draining        Necr           #.........   65%         3    ####...
 Animate Dead             Necr           N/A          96%         4    #####..
 Summon Ice Beast         Ice/Summ       #.......     96%         4    #####..
 Throw Icicle             Conj/Ice       #.......     96%         4    #####..


Dungeon Overview and Level Annotations

Branches:
Dungeon (15/15)            Temple (1/1) D:7            Lair (0/6) D:11
    Orc (0/2) D:12         Vaults (0/5) D:13
 Depths: D:15

Altars:
Ashenzari
Cheibriados
Dithmenos
Elyvilon
Fedhas
Gozag
Hepliaklqana
Kikubaaqudgha
Makhleb
Nemelex Xobeh
Okawaru
Qazlal
Ru
Sif Muna
Trog
Uskayaw
Vehumet
Wu Jian
Xom
Yredelemnul
Zin
The Shining One
Jiyva

Shops:
D:7 [   D:9 (   D:12 (   D:14 *

Annotations:
D:14 exclusion: Roxanne, Roxanne


Innate Abilities, Weirdness & Mutations

You can breathe blasts of noxious fumes.
Your lurid green scales are hard. (AC +8)
You cannot fit into any form of body armour.
Your system is resistant to poisons. (rPois)
You are cold-blooded and may be slowed by cold attacks.


Message History

The wolf spider zombie completely misses you.
The wolf spider zombie barely misses you.
You feel much better.
The wolf spider zombie hits you but does no damage.
The wolf spider zombie bites you.
You regained 21 hp, and now have 47/122 hp.
You slash the wolf spider zombie! You burn the wolf spider zombie.
The wolf spider zombie is almost destroyed.
The wolf spider zombie hits you but does no damage.
The wolf spider zombie barely misses you.
You slice the wolf spider zombie!! You burn the wolf spider zombie.
You destroy the wolf spider zombie!
The yaktaur seems less confused.
The yaktaur shoots a bolt.
The bolt hits you!
* * * LOW HITPOINT WARNING * * *
You see here a bolt.
You take 17 damage, and have 31/122 hp.
The yaktaur shoots a bolt.
The bolt hits you!!!
You die...
Your body crumbles into a pile of gold.

#(......###..#
##.....####..######
#######.##.......#####
#.###........... #.#
######.##### #.# #.# #
#$# #.# # ######.# #.#
# #.c.@((# #.# # $
#.###### #.# # #.# #
#.# # #.# #.# #.# #.#
#.#####


You could see a yaktaur.

Vanquished Creatures
  A fire dragon (D:13)
  An ice dragon (D:14)
  Harold (D:8)
  A hydra (D:13)
  4 two-headed ogres
  2 centaur warriors
  A death knight (D:14)
  A tengu warrior (D:14)
  Urug (D:14)
  2 skeletal warriors (D:14)
  2 unseen horrors
  Pikel (D:7)
  An orb spider (shapeshifter) (D:14)
  A wolf spider zombie (D:15)
  A cyclops (D:11)
  13 ugly things
  An orc sorcerer (D:15)
  A manticore (D:13)
  A wolf spider (D:13)
  3 centaur zombies
  A gargoyle (D:13)
  A yaktaur (D:13)
  4 kobold demonologists
  A redback zombie (D:15)
  A freezing wraith (D:14)
  A queen bee (shapeshifter) (D:14)
  A queen bee (D:10)
  A polar bear (shapeshifter) (D:15)
  3 trolls
  A hornet (shapeshifter) (D:11)
  Grinder (D:4)
  4 hippogriffs
  8 slime creatures
  2 wyverns
  4 hungry ghosts
  25 yaks
  A basilisk (D:11)
  Grum (D:8)
  2 vampire mosquitoes (D:15)
  2 porcupines (D:11)
  7 ice beasts
  6 sky beasts
  6 orc warriors
  2 slaves (D:7)
  5 ogres
  A necrophage (D:13)
  A black bear (D:8)
  3 phantoms
  2 eyes of draining
  4 wolves (D:8)
  7 centaurs
  3 crocodiles (D:11)
  3 big kobolds
  6 bullfrogs
  5 scorpions
  A water moccasin skeleton (D:10)
  23 killer bees (D:10)
  14 wights
  5 howler monkeys
  7 crimson imps
  A bullfrog zombie (D:7)
  10 hounds
  3 bullfrog skeletons
  10 jellies
  15 orc wizards
  8 orc priests
  7 centaur skeletons
  Ijyb (D:3)
  4 iguanas
  Natasha (thrice) (D:3)
  14 worker ants
  A hound skeleton (D:6)
  A howler monkey zombie (D:8)
  Robin (D:2)
  A worker ant zombie (D:10)
  19 adders
  13 gnolls
  A howler monkey skeleton (D:5)
  3 shadow imps
  8 oozes
  3 worms
  2 adder skeletons
  2 dart slugs (D:4)
  7 leopard geckos
  42 orcs
  A ball python (D:5)
  8 giant cockroaches
  15 goblins
  12 hobgoblins
  6 jackals
  16 kobolds
  5 quokkas
  5 bats
  8 frilled lizards
  A jackal skeleton (D:4)
  2 leopard gecko skeletons
  2 quokka skeletons
  A quokka zombie (D:5)
  9 rats
487 creatures vanquished.

Vanquished Creatures (collateral kills)
  2 killer bees (D:10)
2 creatures vanquished.

Vanquished Creatures (others)
  2 dancing weapons
  4 fungi (D:11)
  4 plants (D:11)
10 creatures vanquished.

Grand Total: 499 creatures vanquished

Notes
Turn   | Place    | Note
-------+----------+-------------------------------------------
     0 | D:1      | namelastname112 the Draconian Wanderer began the quest for
                  | the Orb.
     0 | D:1      | namelastname112 set off with: 2 throwing nets, a scroll of
                  | teleportation, a potion of curing, a +0 club, a +0 dagger,
                  | a ration
     0 | D:1      | Reached XP level 1. HP: 19/19 MP: 1/1
    49 | D:1      | Reached XP level 2. HP: 24/27 MP: 2/2
   394 | D:1      | Reached XP level 3. HP: 29/33 MP: 3/3
  1191 | D:2      | Noticed Robin
  1210 | D:2      | Killed Robin
  1249 | D:2      | Reached XP level 4. HP: 13/41 MP: 4/4
  1510 | D:2      | Found an ancient bone altar of Kikubaaqudgha.
  2040 | D:3      | Noticed Natasha
  2067 | D:3      | Killed Natasha
  2275 | D:3      | Found a snail-covered altar of Cheibriados.
  2299 | D:3      | Reached skill level 5 in Fighting
  2299 | D:3      | Reached XP level 5. HP: 38/48 MP: 5/5
  2417 | D:3      | Found a stormy altar of Qazlal.
  2495 | D:3      | Noticed Natasha
  2513 | D:3      | Killed Natasha
  2539 | D:3      | Noticed Natasha
  2564 | D:3      | Killed Natasha
  3209 | D:3      | Noticed Ijyb
  3224 | D:3      | Killed Ijyb
  3224 | D:3      | Reached skill level 1 in Long Blades
  3380 | D:4      | Found a shimmering altar of Xom.
  3385 | D:4      | Reached XP level 6. HP: 53/56 MP: 6/6
  3551 | D:4      | Reached skill level 2 in Long Blades
  3973 | D:4      | Reached skill level 3 in Long Blades
  3973 | D:4      | Reached skill level 5 in Dodging
  3973 | D:4      | Your scales start taking on a lurid green colour.
  3973 | D:4      | Reached XP level 7. HP: 25/63 MP: 7/7
  3973 | D:4      | Gained mutation: Your system is resistant to poisons.
                  | (rPois) [Green Draconian growth]
  4186 | D:4      | Found a glowing golden altar of the Shining One.
  4392 | D:4      | Noticed Grinder
  4401 | D:4      | Paralysed by Grinder for 2 turns
  4405 | D:4      | Paralysed by Grinder for 3 turns
  4420 | D:4      | Killed Grinder
  4420 | D:4      | Reached skill level 4 in Long Blades
  4772 | D:5      | Entered Level 5 of the Dungeon
  4842 | D:5      | Reached skill level 5 in Long Blades
  4842 | D:5      | Reached XP level 8. HP: 44/71 MP: 8/8
  5260 | D:5      | Reached skill level 6 in Long Blades
  6094 | D:6      | Reached skill level 7 in Long Blades
  6202 | D:6      | Found an iron altar of Okawaru.
  6217 | D:6      | Reached XP level 9. HP: 61/81 MP: 9/9
  6653 | D:6      | Found a hide-covered altar of Uskayaw.
  7154 | D:6      | Reached skill level 8 in Long Blades
  7410 | D:7      | Found a staircase to the Ecumenical Temple.
  7469 | Temple   | Entered the Ecumenical Temple
  7671 | D:7      | Found an opulent altar of Gozag.
  7671 | D:7      | Found a sparkling altar of Nemelex Xobeh.
  7683 | D:7      | Became a worshipper of Gozag Ym Sagoz the Greedy
  7733 | D:7      | Noticed Pikel
  7769 | D:7      | Killed Pikel
  7769 | D:7      | Reached skill level 9 in Long Blades
  7992 | D:7      | Found Othal's Antique Armour Emporium.
  8000 | D:7      | Bought a pair of runed gloves for 210 gold pieces
  8093 | D:8      | Found a sacrificial altar of Ru.
  8136 | D:8      | Reached XP level 10. HP: 74/91 MP: 10/10
  8173 | D:8      | Found a shattered altar of Ashenzari.
  8390 | D:8      | Noticed a two-headed ogre
  8412 | D:8      | Killed a two-headed ogre
  8412 | D:8      | Reached skill level 10 in Long Blades
  8452 | D:8      | Identified the +1 quarterstaff of Severance {freeze, Int+3
                  | Stlth+}
  8774 | D:8      | Noticed Harold
  8777 | D:8      | Noticed Grum
  8788 | D:8      | Killed Harold
  8788 | D:8      | Reached skill level 10 in Fighting
  8820 | D:8      | Killed Grum
  8820 | D:8      | Reached skill level 11 in Long Blades
  9471 | D:9      | Found a shadowy altar of Dithmenos.
  9508 | D:9      | Reached XP level 11. HP: 98/101 MP: 11/11
  9780 | D:10     | Entered Level 10 of the Dungeon
 10905 | D:10     | Reached skill level 12 in Long Blades
 11226 | D:10     | Identified a scroll of acquirement
 11275 | D:11     | Noticed a centaur warrior
 11288 | D:11     | Killed a centaur warrior
 11445 | D:11     | Found a staircase to the Lair.
 11461 | D:11     | Noticed Urug
 11940 | D:11     | Reached XP level 12. HP: 106/110 MP: 12/12
 11972 | D:11     | Reached skill level 13 in Long Blades
 12143 | D:12     | Reached skill level 10 in Dodging
 12441 | D:12     | Noticed a two-headed ogre
 12447 | D:12     | Killed a two-headed ogre
 12677 | D:12     | Found a staircase to the Orcish Mines.
 12853 | D:12     | Found Duta's Weapon Shoppe.
 12958 | D:13     | Noticed an eight-headed hydra
 12968 | D:13     | Killed a five-headed hydra
 13110 | D:13     | Reached skill level 14 in Long Blades
 13130 | D:13     | Noticed a fire dragon
 13142 | D:13     | Killed a fire dragon
 13447 | D:13     | Found a gate to the Vaults.
 14082 | D:13     | Noticed a two-headed ogre
 14090 | D:13     | Reached XP level 13. HP: 116/119 MP: 13/13
 14713 | D:14     | Reached skill level 15 in Long Blades
 15712 | D:14     | Killed Urug
 15741 | D:14     | Reached skill level 1 in Shields
 16194 | D:14     | Noticed Roxanne
 16436 | D:15     | Entered Level 15 of the Dungeon
 16681 | D:15     | Paralysed by a wizard for 7 turns
 16703 | D:15     | Shot with a bolt by a yaktaur

Vault maps used:
D:1:      minmay_arrival_three_doors
D:2:      kiku_gazebo_garden_becter, serial_forest,
          infiniplex_forest_end_double, infiniplex_forest_clump_cross,
          infiniplex_forest_end_3, infiniplex_forest_lined_3_way,
          infiniplex_forest_lined_room_3, infiniplex_forest_clump_cross,
          infiniplex_forest_clump_double, infiniplex_forest_lined_2, uniq_robin
D:3:      cheibriados_altar_1, nicolae_qazlal_general_emergency, uniq_ijyb,
          uniq_natasha
D:4:      lemuel_round_altar, xom_butterflies, first_ration, uniq_grinder
D:6:      okawaru_altar_gauntlet_db, eat_drink_and_be_merry_uskayaw
D:7:      grunt_temple_overflow_opulence, minmay_temple_entry_junction,
          serial_shops, nicolae_shop_waterfront, kennysheep_generic_room_6,
          uniq_pikel
D:8:      minmay_bloctagon, lemuel_crystal_altar, evilmike_ruin_ashenzari,
          uniq_grum, uniq_harold
D:9:      nicolae_overflow_crystal_walls
D:10:     special_room
D:11:     minmay_lair_entry_grove, hangedman_little_slice_of_home, uniq_urug
D:12:     orc_0_dummy, serial_shops, nicolae_shop_behind_doors,
          grunt_ministairs_5, serial_bayou_pond_d
D:13:     erik_vaults_1, serial_glass, glass_columns_c, glass_columns_a,
          kb_rosetta
D:14:     chequers_serial_rivers_marsh, uniq_roxanne
D:15:     grunt_enter_depths_magical_seal, nrook_mini_vaults,
          kennysheep_inner_square
Temple:   pf_slimified_temple

Skill      XL: |  1  2  3  4  5  6  7  8  9 10 11 12 13 |
---------------+----------------------------------------+-----
Dodging        | 3 4 5 6 7 8 9 10 11 | 11.7
Fighting       | 4 5 6 7 9 10 11 12 13 | 13.5
Long Blades    | 1 3 5 7 9 11 12 14 15 | 15.6
Shields        | 3 |  3.3
Staves         | |  1.0
Throwing       | |  1.0
Stealth        | |  1.7

Action                   |  1- 3 |  4- 6 |  7- 9 | 10-12 | 13-15 || total
-------------------------+-------+-------+-------+-------+-------++-------
Melee: Dagger            |   169 |   181 |       |       |       ||   350
       Tailslap          |    17 |    38 |    84 |   138 |    42 ||   319
       Falchion          |       |   119 |   179 |       |       ||   298
       Scimitar          |       |       |   271 |   378 |       ||   649
       Unarmed           |       |       |     2 |       |       ||     2
       Double sword      |       |       |       |   301 |   234 ||   535
Invok: Call Merchant     |       |       |       |     1 |     1 ||     2
       Potion Petition   |       |       |       |     1 |       ||     1
 Abil: Breathe Noxious F |       |       |    13 |    10 |     8 ||    31
Evoke: Wand              |       |     7 |    16 |     1 |     1 ||    25
  Use: Potion            |       |     4 |     1 |     2 |     1 ||     8
       Scroll            |       |     1 |       |    20 |     2 ||    23
 Stab: Sleeping          |     6 |     4 |     4 |     7 |     3 ||    24
       Confused          |       |       |    10 |     9 |     7 ||    26
       Distracted        |       |       |       |     8 |     3 ||    11
  Eat: Chunk             |     1 |     9 |     9 |       |       ||    19
       Ration            |       |       |     2 |     9 |     3 ||    14
Armor: Skin              |    47 |    80 |   108 |   168 |    52 ||   455
Dodge: Dodged            |   132 |   221 |   333 |   501 |   132 ||  1319
Block: Other             |       |       |       |    25 |     9 ||    34
       Reflection        |       |       |       |     1 |       ||     1
       Rpst.: Falchion   |       |    33 |    45 |       |       ||    78
       Scimitar          |       |       |    47 |    80 |       ||   127
       Double sword      |       |       |       |    58 |    25 ||    83

Table legend:
 A = Non-vault XP
 B = Vault XP
 C = Vault XP percentage of total XP
 D = Non-vault monster count
 E = Vault monster count
 F = Vault count percentage of total count
                 A         B        C        D         E       F
            +---------+---------+-------+---------+---------+-------
      Total |   44694 |   14967 |  25.1 |     386 |     103 |  21.1
            +---------+---------+-------+---------+---------+-------
        D:1 |      47 |       0 |   0.0 |      23 |       0 |   0.0
        D:2 |      59 |      36 |  37.9 |      19 |      12 |  38.7
        D:3 |     154 |      71 |  31.6 |      15 |       2 |  11.8
        D:4 |     561 |     290 |  34.1 |      28 |       1 |   3.4
        D:5 |     936 |       0 |   0.0 |      29 |       0 |   0.0
        D:6 |    1334 |      36 |   2.6 |      32 |       6 |  15.8
        D:7 |     974 |     632 |  39.4 |      37 |       2 |   5.1
        D:8 |    1385 |    3562 |  72.0 |      26 |      19 |  42.2
        D:9 |    1302 |       0 |   0.0 |      17 |       0 |   0.0
       D:10 |    3536 |    1615 |  31.4 |      33 |      26 |  44.1
       D:11 |    3732 |    2160 |  36.7 |      26 |      21 |  44.7
       D:12 |    6210 |    2170 |  25.9 |      31 |       7 |  18.4
       D:13 |    7725 |    3014 |  28.1 |      28 |       5 |  15.2
       D:14 |   14358 |     827 |   5.4 |      34 |       1 |   2.9
       D:15 |    2381 |     554 |  18.9 |       8 |       1 |  11.1
            +---------+---------+-------+---------+---------+-------
